 Dungeon Crawl Stone Soup version 0.24.0-35-gdb84b6a5db (webtiles) character file.

Game seed: 15563757548025758781, levelgen mode: deterministic

106 Nattfarinn the Changer (level 4, 0/21 HPs)
             Began as a Vine Stalker Transmuter on Nov 20, 2019.
             Killed by nerve-wracking pain
             ... invoked by Grinder
              (5 damage)
             ... on level 2 of the Dungeon.
             The game lasted 00:04:44 (1942 turns).

Nattfarinn the Changer (Vine Stalker Transmuter)    Turns: 1942, Time: 00:04:44

Health: 0/21       AC:  2    Str:  9 (12) XL:     4   Next: 84%
Magic:  0/8        EV: 11    Int: 11 (14) God:
Gold:   182        SH:  5    Dex: 14 (15) Spells: 3/7 levels left

rFire    . . .     SeeInvis .   e - +0 dagger (venom)
rCold    . . .     Gourm    .   f - +2 buckler
rNeg     . . .     Faith    .   b - +0 robe
rPois    .         Spirit   +   (no helmet)
rElec    .         Reflect  .   (no cloak)
rCorr    .         Harm     .   (no gloves)
MR       .....                  (no boots)
Stlth    +.........             (no amulet)
HPRegen  0.47/turn              (no ring)
MPRegen  0.11/turn              (no ring)

@: berserk cooldown, slowed, very slow
A: fangs 2, regeneration 1, magic shield, antimagic bite, no potion heal 3, rot
immunity
a: no special abilities


You were on level 2 of the Dungeon.
You were hungry.

You visited 1 branch of the dungeon, and saw 3 of its levels.

You collected 182 gold pieces.

Inventory:

Hand Weapons
 e - a +0 dagger of venom (weapon)
Missiles
 a - 12 arrows
Armour
 b - a +0 robe (worn)
 f - a +2 buckler (worn)
Scrolls
 g - 3 scrolls of identify {unknown}
 l - a scroll of magic mapping {unknown}
 m - 3 scrolls of immolation {unknown}
 n - 4 scrolls of enchant armour {unknown}
 p - a scroll of remove curse {unknown}
Potions
 j - a potion of lignification
 k - a potion of heal wounds
 o - a potion of flight {unknown}
Comestibles
 c - 5 chunks of flesh
 d - 6 rations


   Skills:
 - Level 0.8 Fighting
 - Level 1.5 Dodging
 - Level 3.0 Unarmed Combat
 - Level 2.1 Spellcasting
 * Level 4.8 Transmutations
 + Level 0.3 Poison Magic


You had 3 spell levels left.
You knew the following spells:

 Your Spells              Type           Power        Failure   Level  Hunger
a - Beastly Appendage     Tmut           ##....       7%          1    ##.....
b - Spider Form           Tmut/Pois      #.........   45%         3    ####...

Your spell library contained the following spells:

 Spells                   Type           Power        Failure   Level  Hunger
 Sticks to Snakes         Tmut           ##......     10%         2    ###....
 Ice Form                 Ice/Tmut       #.......     87%         4    #####..
 Blade Hands              Tmut           ##........   88%         5    ######.


Dungeon Overview and Level Annotations

Branches:
Dungeon (3/15)

Altars:
Cheibriados
Nemelex Xobeh
Ru

Annotations:
D:2 Grinder


Innate Abilities, Weirdness & Mutations

You have extremely sharp teeth.
Your natural rate of healing is unusually fast.
When hurt, damage is shared between your health and your magic reserves.
Your bite disrupts and absorbs the magic of your enemies.
Potions cannot restore your health.
You are immune to rotting.


Message History

You feel yourself moving faster!
You feel mighty! You block Grinder's attack.
You hit Grinder but do no damage.
Grinder is lightly wounded.
Grinder blinks!
You feel a strong urge to attack something.
There is a stone staircase leading down here.
You are too berserk!
You are no longer berserk.
You pass out from exhaustion.
You feel yourself slow down.
You can move again.
It was a potion of degeneration.
There was something very wrong with that liquid.
You feel weakened.
You feel dopey.
You feel clumsy. Grinder gestures at you.
You shrug off the repeated paralysis!
Grinder looks more healthy.
Grinder gestures at you. Pain shoots through your body!
You die...

....#.....#.##..............#####
..#..........)...)<.....)...##.).
....#.....####..............##.##
...###...## ###.......###.###...
...#####.# #.#.........# #...
......##.# #.#...#.###.###...
#####.##.# #.#...#.# #.......
#####.##.# ####..<....# ######..
##.......####>..@...#### #..
##.##.#####...5...#.# ##. ##.##.#
#.#.###.#.### ## ......#
#.#.........# ...####
#.#..##.#.#.# ##### ####
#........#..######...# #
###.......#..........#
#.......########...# #..###..#
##.##


You could see Grinder.

Vanquished Creatures
  4 adders (D:2)
  A worm (D:2)
  4 dart slugs
  2 leopard geckos
  A ball python (D:1)
  8 bats
  3 giant cockroaches (D:1)
  13 goblins
  5 hobgoblins
  A quokka (D:2)
  3 frilled lizards (D:1)
  6 kobolds
  4 rats
55 creatures vanquished.

Notes
Turn   | Place    | Note
-------+----------+-------------------------------------------
     0 | D:1      | Nattfarinn the Vine Stalker Transmuter began the quest for
                  | the Orb.
     0 | D:1      | Reached XP level 1. HP: 9/9 MP: 4/4
   169 | D:1      | Reached XP level 2. HP: 14/14 MP: 4/6
   501 | D:1      | Reached skill level 3 in Transmutations
   596 | D:1      | Reached XP level 3. HP: 13/17 MP: 5/7
  1062 | D:2      | Reached skill level 4 in Transmutations
  1210 | D:2      | Found a snail-covered altar of Cheibriados.
  1211 | D:2      | Found a sparkling altar of Nemelex Xobeh.
  1253 | D:2      | Gained mutation: Your natural rate of healing is unusually
                  | fast. [Vine Stalker growth]
  1253 | D:2      | Reached XP level 4. HP: 21/21 MP: 8/8
  1359 | D:2      | Found a sacrificial altar of Ru.
  1585 | D:2      | Learned a level 3 spell: Spider Form
  1892 | D:3      | Noticed Grinder
  1911 | D:2      | Paralysed by Grinder for 4 turns
  1933 | D:2      | HP: 1/21 [Grinder (2)]
  1942 | D:2      | Killed from afar by Grinder

Levels and vault maps discovered:
D:1:      minmay_arrival_diagonal_passages, layout_basic, serial_bayou_pond_d
D:2:      layout_loops_cross, nicolae_ru_path_of_blood, minitemple
D:3:      layout_loops_ring, lemuel_round_altar, gup_sewer_entry_glass,
          fedhas_altar_2, uniq_grinder

Skill      XL: |  1  2  3 |
---------------+----------+-----
Transmutations | 3 4 |  4.8
Fighting       | |  0.8
Dodging        | |  1.5
Unarmed Combat | |  3.0
Spellcasting   | |  2.1
Poison Magic   | |  0.3

Action                   |  1- 3 |  4- 6 || total
-------------------------+-------+-------++-------
Melee: Unarmed           |    28 |       ||    28
       Bite              |    29 |    20 ||    49
       Headbutt          |     3 |       ||     3
       Dagger            |    84 |    73 ||   157
 Cast: Beastly Appendage |     5 |       ||     5
  Use: Potion            |       |     4 ||     4
 Stab: Sleeping          |     3 |     1 ||     4
  Eat: Chunk             |     1 |     2 ||     3
Armor: Robe              |    29 |     8 ||    37
       Skin              |       |     7 ||     7
Dodge: Dodged            |    64 |    16 ||    80
Block: Buckler           |    25 |    12 ||    37
